 Dungeon Crawl Stone Soup version 0.30.1-11-g7821555f0a (webtiles) character file.

Game seed: 113850930580940016

867 hi321 the Slasher (level 8, -1/62 HPs)
             Began as a Human Cinder Acolyte on Dec 25, 2023.
             Was an Initiate of Ignis.
             Succumbed to a water moccasin's poison
             ... on level 5 of the Dungeon.
             The game lasted 00:37:30 (4547 turns).

hi321 the Slasher (Human Cinder Acolyte)            Turns: 4547, Time: 00:37:30

Health: -1/62      AC:  6    Str: 22    XL:     8   Next: 23%
Magic:  4/10       EV: 12    Int: 17    God:    Ignis [......]
Gold:   182        SH:  0    Dex:  9    Spells: 7/9 levels left

rFire   + + .        a - +0 falchion (flame)
rCold   . . .        (no shield)
rNeg    . . .        o - +1 robe of Watchfulness {-Tele Drain Fly Str+8}
rPois   .            x - +1 helmet
rElec   .            g - +0 cloak
rCorr   .            (no gloves)
SInv    .            (no boots)
Will    +....        c - amulet of the acrobat
Stlth   +            f - ring of protection from fire
HPRegen 0.30/turn    q - ring of willpower
MPRegen 0.12/turn

%: no teleportation, acrobat
@: brilliant, lethally poisoned (-1 -> -9), flying
A: no striking features
a: Renounce Religion


You were on level 5 of the Dungeon.
You worshipped Ignis.
Ignis was noncommittal.
You visited 1 branch of the dungeon, and saw 6 of its levels.

You collected 182 gold pieces.

Inventory:

Hand Weapons
 a - a +0 falchion of flaming (weapon)
 i - a +1 spear of freezing
Missiles
 b - 19 poisoned darts
Armour
 g - a +0 cloak (worn)
 h - a +0 ring mail
 j - a +0 chain mail
 o - the +1 robe of Watchfulness (worn) {-Tele Drain Fly Str+8}
   (You found it on level 4 of the Dungeon)

   Str:       It affects your strength (+8).
   Fly:       It grants you flight.
   -Tele:     It prevents most forms of teleportation.
   Drain:     It drains your maximum health when unequipped.
 x - a +1 helmet (worn)
Jewellery
 c - an amulet of the acrobat (around neck)
 f - a ring of protection from fire (left hand)
 q - a ring of willpower (right hand)
Scrolls
 e - 2 scrolls of teleportation {unknown}
 p - a scroll of amnesia
 s - 2 scrolls of immolation {unknown}
 t - a scroll of fear
 v - a scroll of acquirement {unknown}
Potions
 d - a potion of degeneration {unknown}
 k - a potion of lignification {unknown}
 l - a potion of curing
 m - 2 potions of cancellation
 n - a potion of resistance {unknown}
 u - a potion of mutation {unknown}
 w - a potion of attraction {unknown}


   Skills:
 + Level 5.0 Fighting
 + Level 6.1 Long Blades
 + Level 2.1 Throwing
 + Level 1.5 Armour
 + Level 2.6 Dodging
 + Level 1.2 Stealth
 + Level 1.4 Spellcasting
 + Level 4.1 Fire Magic
 + Level 0.5 Evocations


You had 7 spell levels left.
You knew the following spells:

 Your Spells              Type           Power      Damage    Failure   Level
a - Scorch                Fire           46%        2d6       5%          2

Your spell library contained the following spells:

 Spells                   Type           Power      Damage    Failure   Level
 Ozocubu's Armour         Ice            1%         N/A       52%         3
 Metabolic Englaciation   Hex/Ice        0%         N/A       99%         5
 Simulacrum               Ice/Necr       0%         N/A       100%        6


Dungeon Overview and Level Annotations

Branches:
Dungeon (6/15)
 Temple: D:4-7

Altars:
Qazlal
Uskayaw

Shops:
D:4 (

Annotations:
D:3 2 transporters
D:6 Eustachio


Message History

The water moccasin closely misses you.
You hit the water moccasin. You burn the water moccasin.
The water moccasin is moderately wounded.
The water moccasin closely misses you.
The water moccasin bites you but does no damage.
You hit the water moccasin. You burn the water moccasin.
The water moccasin is heavily wounded.
The water moccasin bites you but does no damage.
The water moccasin attacks as you move away!
The water moccasin bites you.
The water moccasin attacks as you move away!
The water moccasin completely misses you.
The water moccasin is no longer more vulnerable to fire.
The water moccasin bites you but does no damage.
There is a stone staircase leading up here.
The shadow imp disappears in a puff of smoke!
The water moccasin barely misses you.
You fly upwards.
There is a stone staircase leading down here.
The water moccasin attacks as you move away!
The water moccasin barely misses you.
The water moccasin bites you but does no damage.
The water moccasin attacks as you move away!
The water moccasin bites you but does no damage.
The water moccasin attacks as you move away!
The water moccasin bites you!
* * * LOW HITPOINT WARNING * * *
The water moccasin bites you!
* * * LOW HITPOINT WARNING * * *
You are lethally poisoned!
The water moccasin poisons you!
The water moccasin attacks as you move away!
The water moccasin closely misses you.
* * * LOW HITPOINT WARNING * * *
You feel very sick.
* * * LOW HITPOINT WARNING * * *
You feel sick.
The water moccasin completely misses you.
You feel clever all of a sudden.
You die...

#...##...........#..###.#.##..##.
....................###.#.##..##.
#..#.#.......>................##.
...)...........................#.
...).........#........#.#.####.#.
..........................##...#.
........####.#..#............#.#.
................S..............#.
........####.#..@...#.#.#.##.###.
###..............................
.........###.#.####.#.#.####.####
####....####.#.####.#.#......#
#....................####.#
#....####.#.######.#.####.#
#.#.......................#
#.#..######.#############.#
###### ### ###


You could see a water moccasin.

Vanquished Creatures
  Grinder (D:4)
  A black bear (D:4)
  2 ogres
  A phantom (D:6)
  A bullfrog (D:6)
  3 hounds (D:5)
  An orc priest (D:3)
  An orc wizard (D:5)
  Robin (D:2)
  2 adders
  A shadow imp (D:5)
  15 orcs
  A bat (D:3)
  11 endoplasms
  3 giant cockroaches
  16 goblins
  9 hobgoblins
  4 jackals (D:4)
  A quokka (D:5)
  4 ball pythons
  3 frilled lizards
  5 kobolds
  A rat (D:3)
88 creatures vanquished.

Vanquished Creatures (others)
  104 foxfires
104 creatures vanquished.

Grand Total: 192 creatures vanquished

Notes
Turn   | Place    | Note
-------+----------+-------------------------------------------
     0 | D:1      | hi321 the Human Cinder Acolyte began the quest for the Orb.
     0 | D:1      | Reached XP level 1. HP: 18/18 MP: 2/2
    30 | D:2      | Found a stormy altar of Qazlal.
   140 | D:2      | Reached XP level 2. HP: 22/24 MP: 3/3
   282 | D:3      | Reached XP level 3. HP: 29/29 MP: 4/4
   283 | D:3      | Found a transporter.
   287 | D:3      | Found a transporter.
   538 | D:4      | Found Kumoq's Weapon Boutique.
   707 | D:4      | Noticed Grinder
   713 | D:4      | Killed Grinder
   714 | D:4      | Reached skill level 4 in Long Blades
   714 | D:4      | Reached skill level 1 in Throwing
   714 | D:4      | Reached skill level 1 in Dodging
   714 | D:4      | Reached XP level 4. HP: 29/37 MP: 5/5
   714 | D:4      | Reached XP level 5. HP: 33/42 MP: 6/6
   714 | D:4      | Reached XP level 6. HP: 37/48 MP: 7/7
   727 | D:4      | Noticed an ogre
   732 | D:4      | Killed an ogre
   733 | D:4      | Reached skill level 1 in Armour
   792 | D:4      | Noticed a black bear
   798 | D:4      | Killed a black bear
   799 | D:4      | Reached skill level 5 in Long Blades
   799 | D:4      | Reached XP level 7. HP: 55/55 MP: 8/8
   829 | D:4      | Identified the +1 robe of Watchfulness {-Tele Drain Fly
                  | Str+8}
  1112 | D:5      | Entered Level 5 of the Dungeon
  1982 | D:5      | Noticed a troll
  2662 | D:5      | Reached skill level 1 in Stealth
  2892 | D:2      | Noticed Robin
  3184 | D:2      | Reached skill level 5 in Fighting
  3215 | D:2      | Reached XP level 8. HP: 62/62 MP: 9/9
  3303 | D:2      | Learned a level 2 spell: Scorch
  3343 | D:2      | Killed Robin
  4089 | D:5      | Found a hide-covered altar of Uskayaw.
  4365 | D:4      | You are sucked into a shaft and drop 2 floors!
  4389 | D:6      | Reached skill level 6 in Long Blades
  4504 | D:6      | Noticed Eustachio
  4545 | D:5      | HP: 2/62 [poisoned by a water moccasin]
  4547 | D:5      | Succumbed to a water moccasin's poison

Illustrated notes

Levels and vault maps discovered:
D:1:      spicycebolla_arrival_transporter_tutorial, layout_basic,
          dreamdust_ecumenical_altar_sealed_demon
D:2:      layout_rooms, basic_altar, kennysheep_generic_room_7, uniq_robin
D:3:      gammafunk_wand_slinger, layout_rooms
D:4:      kennysheep_big_flooded_room, layout_cave_pools, serial_shops,
          nicolae_shop_window_shopping, chequers_serial_rivers_small_a,
          uniq_grinder
D:5:      layout_basic, mainiacjoe_overflow_alcove_4, chequers_avenue
D:6:      layout_basic, minmay_temple_entry_antechambers, uniq_eustachio

Skill      XL: |  1  2  3  4  5  6  7  8 |
---------------+-------------------------+-----
Fighting       | 4 5 |  5.0
Long Blades    | 4 5 6 |  6.1
Throwing       | 1 2 |  2.1
Dodging        | 1 2 |  2.6
Armour         | 1 |  1.5
Stealth        | 1 |  1.2
Fire Magic     | 4 |  4.1
Spellcasting   | |  1.4
Evocations     | |  0.5

Action                     |  1- 3 |  4- 6 |  7- 9 || total
---------------------------+-------+-------+-------++-------
  Melee: Falchion          |    58 |     2 |   179 ||   239
         Punch             |     1 |       |     2 ||     3
  Throw: Dart              |    10 |       |    18 ||    28
   Cast: Scorch            |       |       |    15 ||    15
 Invoke: Foxfire Swarm     |     4 |     2 |     3 ||     9
         Rising Flame      |       |       |     1 ||     1
  Evoke: Wand              |       |     4 |     9 ||    13
    Use: Potion            |     1 |       |     4 ||     5
         Scroll            |       |       |     9 ||     9
   Stab: Sleeping          |       |       |     1 ||     1
 Armour: Robe              |     4 |       |    73 ||    77
         Ring mail         |    17 |       |     7 ||    24
  Dodge: Dodged            |    58 |       |   264 ||   322
